Khorin, lawful male dwarven Priest --------- |.......| ----- |.......| ...| |..._...| ---------..-- |.......| |.......|...-- | |.......| | |.......|....---... |. ----+---- .| |..._@.)-A.[.A@..... |......)......| |.......|....---...... ---.........--- |.....D.|...-- ..).. -----|----- ---------..-- --|-- ..[. ...| ...---- ...). --- ----- ........ .... |... -----...- .)$.% --... |....- ..$% --..). --...----%----.))- |.....)!%[...... -------------- Khorin the Priest Experience level: 13 Strength: 18/17 Dexterity: 24 Constitution: 19 Intelligence: 19 Wisdom: 20 Charisma: 11 Health: 200(263) Energy: 123(123) Def: 39 Gold: 1037 Moves: 51513 Dungeon seed: rXCQmNZKP7FREAgb Game ID: Khorin_1436886515 Your Inventory: Coins $ - 1037 gold pieces Amulets I - an uncursed amulet of life saving (being worn) J - an uncursed amulet of life saving X - an uncursed amulet of reflection Weapons w - the blessed rustproof +7 Sceptre of Might (weapon in hand) Armor c - a blessed greased +4 silver dragon scale mail (being worn) e - a blessed very burnt +4 elven shield f - the blessed rusty +5 Mitre of Holiness (being worn) n - a blessed thoroughly burnt +5 pair of gauntlets of dexterity (being worn) r - a blessed greased thoroughly burnt +4 cloak of displacement (being worn) z - a blessed greased fireproof +4 pair of speed boots (being worn) Y - a blessed +4 Hawaiian shirt (being worn) Comestibles q - 2 uncursed food rations C - 6 uncursed lizard corpses Spellbooks G - the uncursed Book of the Dead Rings p - an uncursed ring of teleport control L - an uncursed ring of levitation (on left hand) Wands d - an uncursed wand of digging (0:0) h - an uncursed wand of digging (0:8) i - an uncursed wand of create monster (0:11) j - an uncursed wand of teleportation (0:6) o - a cursed wand of secret door detection (0:11) v - an uncursed wand of magic missile (0:4) x - a cursed wand of fire (0:8) y - an uncursed wand of digging (0:3) A - an uncursed wand of digging (0:4) B - an uncursed wand of fire (0:3) E - an uncursed wand of lightning (0:3) F - an uncursed wand of magic missile (0:6) H - an uncursed wand of cold (0:8) P - an uncursed wand of digging (0:0) Q - a cursed wand of magic missile (0:2) S - an uncursed wand of digging (0:3) V - an uncursed wand of lightning (0:2) W - an uncursed wand of digging (0:2) Z - an uncursed wand of lightning (0:4) Tools b - a blessed greased fireproof bag of holding g - the uncursed Candelabrum of Invocation (no candles attached) (0:0) k - an uncursed skeleton key m - an uncursed can of grease (0:8) u - a blessed +0 unicorn horn D - the uncursed Bell of Opening (0:1) O - an uncursed magic marker (1:1) T - an uncursed towel Contents of the bag of holding: 6415 gold pieces 5 uncursed K-rations an uncursed cream pie 7 uncursed food rations an uncursed tripe ration 7 uncursed scrolls of blank paper an uncursed scroll of earth a blessed scroll of enchant armor a blessed scroll of remove curse 3 uncursed scrolls of remove curse 4 uncursed scrolls of scare monster 2 uncursed scrolls of scare monster 3 uncursed scrolls of taming 11 uncursed scrolls of teleportation 2 cursed scrolls of teleportation 3 uncursed potions of full healing 2 uncursed potions of healing 27 potions of holy water a potion of unholy water a blessed ring of free action an uncursed ring of polymorph control an uncursed ring of shock resistance an uncursed wand of digging (0:5) an uncursed wand of digging (0:5) an uncursed wand of digging (0:4) an uncursed wand of digging (0:4) an uncursed wand of digging (0:0) an uncursed wand of fire (0:4) an uncursed wand of lightning (0:6) an uncursed wand of lightning (0:4) an uncursed wand of lightning (0:4) an uncursed wand of lightning (0:4) an uncursed wand of magic missile (0:7) an uncursed wand of magic missile (0:4) an uncursed wand of polymorph (0:0) an uncursed wand of sleep (0:7) an uncursed wand of sleep (0:6) an uncursed wand of sleep (0:4) an uncursed wand of striking (0:7) an uncursed wand of striking (0:6) an uncursed wand of striking (0:5) an uncursed wand of striking (0:0) an uncursed wand of striking (0:0) an uncursed wand of striking (0:0) an uncursed wand of striking (0:0) 4 uncursed tallow candles (0:200) an uncursed tallow candle (0:200) an uncursed +0 unicorn horn an uncursed +0 unicorn horn an uncursed +0 unicorn horn an uncursed +0 unicorn horn an uncursed +0 unicorn horn an uncursed +0 unicorn horn an uncursed -1 unicorn horn Spells and supernatural/magical abilities: Name Level Category Fail Memory f - fireball 4* attack 82% 0% h - healing 1 healing 0% 22% i - invisibility 4* escape 82% 0% j - jumping 1* escape 0% 0% l - light 1* divination 0% 0% n - detect monsters 1* divination 0% 0% p - protection 1* clerical 0% 0% r - remove curse 3* clerical 0% 0% x - extra healing 3* healing 48% 0% A - create familiar 6* clerical 92% 0% I - identify 3* divination 0% 0% W - pray for help -- divine ? -- X - turn undead -- divine ? -- Your skills at the end: Fighting Skills Weapon Skills mace [Expert] unicorn horn [Skilled] Spellcasting Skills divination spells [Basic] clerical spells [Basic] Final Attributes: You were piously aligned. You were fire resistant. You were cold resistant. You were sleep resistant. You were disintegration-resistant. You were shock resistant. You were poison resistant. You were magic-protected. You were telepathic. You had infravision. You were invisible. You were displaced. You caused conflict. You were levitating. You were protected. You were very fast. You had reflection. Your life would have been saved. You survived. Vanquished creatures: Orcus Juiblex The Wizard of Yendor (6 times) Death Pestilence (twice a high priest 3 mammoths Medusa a kraken an Archon 3 iron golems 7 storm giants 5 glass golems Nalzok 4 purple worms a gray dragon a silver dragon 3 red dragons 2 white dragons 2 orange dragons 3 black dragons 4 blue dragons 2 green dragons 21 minotaurs 2 jabberwocks 4 baluchitheria 8 Angels Vlad the Impaler 10 stone golems a master mind flayer 16 Olog-hai a Nazgul 7 pit fiends 3 sandestins 5 hell hounds 5 titanotheres a trapper 6 disenchanters 33 vampire lords 2 shades 5 skeletons 20 aligned priests 7 captains 4 liches a clay golem 9 nurses 6 ice devils 4 nalfeshnees 4 lurkers above 7 ettins a golden naga 2 black puddings 41 vampires 96 ghosts 7 lieutenants a knight a monk a queen bee 3 winged gargoyles 2 mind flayers 9 giant mimics 2 fire giants 5 ogre kings 2 ice trolls 6 rock trolls 7 umber hulks 6 flesh golems 6 Elvenkings 6 doppelgangers 10 hezrous 16 bone devils 8 large mimics 5 wumpuses 2 fire vortices a baby long worm 12 long worms 15 stalkers 5 air elementals a fire elemental 3 earth elementals 4 water elementals 13 hill giants 5 giant mummies 5 xorns 33 giant zombies 19 elf-lords 6 sergeants a barbed devil 12 vrocks 5 salamanders 17 wargs a winter wolf 2 hell hound pups 25 small mimics 2 island nymphs 4 glass piercers 4 warhorses 7 steam vortices 15 xans 5 ettin mummies 6 ogre lords 7 quantum mechanics 22 trolls 2 sasquatches 2 wood golems an erinys 5 mariliths 2 sharks 4 electric eels 5 gelatinous cubes 3 pyrolisks 8 large dogs 3 freezing spheres 9 flaming spheres 5 shocking spheres 4 large cats 7 tigers 7 gargoyles 2 dwarf kings 5 ochre jellies 8 leocrottas 3 energy vortices 6 mountain centaurs 3 elf mummies 5 human mummies 6 red nagas 6 green slimes 5 pit vipers 4 cobras 156 wraiths 36 ettin zombies 3 leather golems 16 Grey-elves 50 soldiers 4 horned devils 9 succubi 9 incubi 6 chameleons 2 crocodiles 6 giant beetles 13 quivering blobs 17 cockatrices 16 wolves 11 winter wolf cubs 3 lynxes 5 panthers 10 gremlins 4 leprechauns 2 spotted jellies 9 mountain nymphs 3 orc-captains 6 iron piercers 3 mumakil 12 giant spiders 7 scorpions 7 horses 3 ice vortices 12 black lights 7 vampire bats 2 forest centaurs 2 gnome kings 3 orc mummies 4 dwarf mummies 10 ogres 12 brown puddings 12 rust monsters 19 owlbears 6 yetis 3 gold golems 4 werewolves 11 Green-elves 2 piranhas 7 giant eels 17 lizards 5 chickatrices 3 dogs 3 dingos 2 housecats 7 jaguars 2 dwarf lords 2 blue jellies 10 water nymphs 8 gray unicorns 5 black unicorns 8 dust vortices 3 ravens 6 plains centaurs 4 gnome mummies 11 snakes 5 apes 109 human zombies 3 rope golems 6 Woodland-elves 11 soldier ants 19 fire ants a bugbear 5 imps 6 quasits 5 wood nymphs 10 Mordor orcs 26 Uruk-hai 5 orc shamans 5 rock piercers 8 rock moles 7 ponies 5 fog clouds 11 yellow lights 2 shriekers 7 violet fungi 14 gnome lords 9 gnomish wizards 2 kobold mummies 3 black naga hatchlings 2 golden naga hatchlings a guardian naga hatchling 6 gray oozes 8 barrow wights 39 elf zombies 36 ghouls 6 straw golems 3 paper golems a jellyfish 21 giant ants 4 little dogs 12 floating eyes 5 kittens 4 dwarves 4 homunculi a kobold lord 2 kobold shamans 26 hill orcs 19 rothes 4 rabid rats 9 centipedes 5 giant bats 5 monkeys 60 orc zombies 49 dwarf zombies 2 wererats 5 werejackals 9 iguanas 25 killer bees 9 acid blobs 9 coyotes 6 gas spores 5 large kobolds 4 hobgoblins 13 giant rats 12 cave spiders 2 brown molds a yellow mold 4 green molds a red mold 42 gnomes 18 garter snakes 2 manes 57 gnome zombies 15 geckos 7 jackals a fox a kobold 8 goblins 8 sewer rats 7 grid bugs 9 bats 15 lichens 40 kobold zombies 16 newts 2480 creatures vanquished. Genocided or extinct species: master mind flayers liches demiliches master liches arch-liches wraiths (extinct) human zombies (extinct) 5 species genocided. 2 species extinct. Voluntary challenges: You used a wielded weapon 5463 times, starting on turn 49. You read items or engraved 181 times, starting on turn 1231. You genocided 5 types of monsters, starting on turn 28196. You polymorphed 81 items, starting on turn 23299. You never changed form. You cheated 1 time but completed Sokoban on turn 8624. You used 4 wishes, starting on turn 24007. You wished for your your first artifact on turn 24007. You split 7 puddings, starting on turn 31249. You wrote Elbereth's name 26 times, starting on turn 2101. You violated your moral code, losing 6 points of alignment, starting on turn 3694. Dungeon overview: The Dungeons of Doom: levels 1 to 28 Level 1 a sink stairs to The Elemental Planes Level 2 an altar to Offler, a fountain Level 3 an altar to The Lady, a fountain Level 4 stairs to The Gnomish Mines Level 5 Level 6 an altar to Blind Io Level 7 many fountains Level 8 stairs to Sokoban Level 9 Level 10 Level 11 Level 12 a temple to Offler, a fountain Level 13 a fountain portal to The Quest Level 14 a fountain Level 15 Level 16 Level 17 an armor shop Level 18 a general store Level 19 Level 20 a scroll shop, a fountain Level 21 an altar to The Lady, some fountains Level 22 some fountains Level 23 a fountain Level 24 a fountain Level 25 Level 26 Level 27 Level 28 a fountain Gehennom: levels 29 to 48 Level 29 a temple to Moloch stairs to The Dungeons of Doom Level 30 Level 31 Level 32 Level 33 Level 34 Level 35 Level 36 Level 37 Level 38 some shops, an altar to Moloch stairs to Vlad's Tower Level 39 Level 40 Level 41 Level 42 Level 43 Level 44 portal to Gehennom Level 45 Level 46 portal to Gehennom Level 47 Level 48 The Gnomish Mines: levels 5 to 10 Level 5 stairs to The Dungeons of Doom Level 6 Level 7 Level 8 some shops, a temple to Blind Io, some fountains Level 9 Level 10 The Quest: levels 1 to 6 Level 1 a temple to Moloch portal to The Dungeons of Doom Level 2 Level 3 a temple to Moloch Level 4 Level 5 Level 6 Sokoban: levels 4 to 7 Level 4 Level 5 Level 6 Level 7 stairs to The Dungeons of Doom Vlad's Tower: levels 35 to 37 Level 35 Level 36 Level 37 stairs to Gehennom The Elemental Planes: Astral Plane <- You were here some high altars Plane 4 portal to The Elemental Planes Plane 3 portal to The Elemental Planes Plane 2 portal to The Elemental Planes Plane 1 portal to The Elemental Planes History has recorded: On T:1 you entered the Dungeons of Doom to retrieve the Amulet of Yendor! On T:209 you reached level 2 of The Dungeons of Doom. On T:390 you reached level 3 of The Dungeons of Doom. On T:523 you advanced to experience level 2. On T:647 you reached level 4 of The Dungeons of Doom. On T:684 you reached level 5 of The Dungeons of Doom. On T:821 you advanced to experience level 3. On T:930 you reached level 1 of The Gnomish Mines. On T:971 you advanced to experience level 4. On T:1223 you advanced to experience level 5. On T:1456 you reached level 2 of The Gnomish Mines. On T:1589 you advanced to experience level 6. On T:2092 you reached level 3 of The Gnomish Mines. On T:2120 you advanced to experience level 7. On T:2792 you reached level 4 of The Gnomish Mines. On T:3616 you reached level 5 of The Gnomish Mines. On T:3639 you reached level 6 of The Gnomish Mines. On T:3758 you advanced to experience level 8. On T:4565 you reached level 6 of The Dungeons of Doom. On T:4794 you reached level 7 of The Dungeons of Doom. On T:5040 you reached level 9 of The Dungeons of Doom. On T:5179 you reached level 8 of The Dungeons of Doom. On T:5237 you reached level 4 of Sokoban. On T:5671 you reached level 3 of Sokoban. On T:6287 you reached level 2 of Sokoban. On T:7543 you reached level 1 of Sokoban. On T:7787 you advanced to experience level 9. On T:8624 you entered the Sokoban zoo. On T:9919 you reached level 10 of The Dungeons of Doom. On T:10317 you reached level 11 of The Dungeons of Doom. On T:11727 you reached level 12 of The Dungeons of Doom. On T:11887 you reached level 13 of The Dungeons of Doom. On T:11974 you reached level 14 of The Dungeons of Doom. On T:12035 you advanced to experience level 10. On T:12101 you reached level 1 of The Quest. On T:12543 you reached level 15 of The Dungeons of Doom. On T:14368 you advanced to experience level 11. On T:14942 you reached level 16 of The Dungeons of Doom. On T:15010 you reached level 17 of The Dungeons of Doom. On T:15684 you reached level 18 of The Dungeons of Doom. On T:15976 you reached level 19 of The Dungeons of Doom. On T:16286 you reached level 20 of The Dungeons of Doom. On T:16327 you reached level 22 of The Dungeons of Doom. On T:16426 you reached level 21 of The Dungeons of Doom. On T:18133 you reached level 23 of The Dungeons of Doom. On T:22510 you reached level 24 of The Dungeons of Doom. On T:22673 you reached level 25 of The Dungeons of Doom. On T:22999 you advanced to experience level 12. On T:23080 you killed Medusa on level 25 of The Dungeons of Doom. On T:23093 you reached level 26 of The Dungeons of Doom. On T:23183 you reached level 27 of The Dungeons of Doom. On T:23269 you reached The Castle. On T:24007 you wished for "blessed fixed greased +2 sceptre of might". On T:24046 you wished for "blessed fixed greased bag of holding". On T:25603 you advanced to experience level 13. On T:27290 you advanced to experience level 14. On T:28510 you embarked upon an epic quest. On T:28549 you reached level 2 of The Quest. On T:28814 you advanced to experience level 15. On T:28862 you reached level 3 of The Quest. On T:29449 you advanced to experience level 16. On T:29662 you reached level 4 of The Quest. On T:29666 you advanced to experience level 17. On T:29977 you reached level 5 of The Quest. On T:30416 you reached level 6 of The Quest. On T:30427 you killed Nalzok on level 6 of The Quest. On T:30644 you completed the quest! On T:31964 you reached The Valley of the Dead. On T:32993 you reached level 2 of Gehennom. On T:35126 you reached level 3 of Gehennom. On T:35870 you reached level 4 of Gehennom. On T:36250 you reached level 5 of Gehennom. On T:36306 you killed Juiblex on level 5 of Gehennom. On T:36332 you reached level 6 of Gehennom. On T:36555 you reached level 7 of Gehennom. On T:36836 you reached level 8 of Gehennom. On T:36848 you reached level 9 of Gehennom. On T:37631 you reached level 10 of Gehennom. On T:37635 you reached level 11 of Gehennom. On T:37706 you killed Orcus on level 11 of Gehennom. On T:37838 you reached level 12 of Gehennom. On T:37937 you reached level 13 of Gehennom. On T:38187 you reached level 14 of Gehennom. On T:38541 you reached level 15 of Gehennom. On T:38638 you reached level 16 of Gehennom. On T:39380 you reached level 17 of Gehennom. On T:39440 you reached level 18 of Gehennom. On T:39467 you reached level 19 of Gehennom. On T:44808 you wished for "blessed fixed greased +3 speed boots". On T:45154 you reached level 3 of Vlad's Tower. On T:45381 you reached level 2 of Vlad's Tower. On T:45540 you reached level 1 of Vlad's Tower. On T:45573 you wished for "blessed fixed greased +2 silver dragon scale mail". On T:45596 you killed Vlad the Impaler on level 1 of Vlad's Tower. On T:49610 you killed Wizard of Yendor on level 15 of Gehennom. On T:49659 you performed the invocation. On T:49660 you reached level 20 of Gehennom. On T:49819 you killed high priest of Moloch on level 20 of Gehennom. On T:49821 you gained the Amulet of Yendor! On T:50182 you killed Wizard of Yendor on level 7 of Gehennom. On T:50483 you killed Wizard of Yendor on level 27 of The Dungeons of Doom. On T:50585 you killed Wizard of Yendor on level 25 of The Dungeons of Doom. On T:50734 you killed Wizard of Yendor on level 20 of The Dungeons of Doom. On T:51226 you reached the Plane of Earth. On T:51231 you killed Wizard of Yendor on the Plane of Earth. On T:51293 you reached the Plane of Air. On T:51335 you reached the Plane of Fire. On T:51359 you reached the Plane of Water. On T:51384 you reached the Astral Plane. On T:51443 you killed Pestilence on the Astral Plane. On T:51513 you lost the Amulet of Yendor. On T:51513 you offered the Amulet of Yendor to Blind Io and ascended to the status of Demigod! Score breakdown: Gold: 7452 ( 745 points) Experience: 13 levels ( 1200 points) Exploration: 48 levels ( 2000 points) Discoveries: 132 items ( 2000 points) Variety of kills: 268 monsters ( 2000 points) Major goal: ascended ( 5000 points) Ascension bonuses Valuables value: 450 ( 45 points) Artifact value: 2 ( 2000 points) Speed bonus: 51513 turns ( 2424 points) Conduct bonus: 1 conduct ( 1500 points) Survival: ascended (score multiplied by 10) Total score: 189140 Latest messages: The high priest of Blind Io points at the white dragon, then curses. The vampire lord drinks a potion of speed! The vampire lord is suddenly moving faster. The Angel of Moloch strikes at your invisible displaced image and misses you! The Angel of Moloch casts a spell at your displaced image! The priestess of Moloch wields a mace! The mace welds itself to the priestess of Moloch's hand! The fire giant is mildly warmed. The fire elemental hits the fire giant. The fire giant is on fire! The fire doesn't seem to burn the fire giant! A tower of flame erupts from the floor under the fire vortex! The fire vortex is uninjured. The red dragon bites the salamander. There is an altar to Blind Io (lawful) here. You offer the Amulet of Yendor to Blind Io... An invisible choir sings, and you are bathed in radiance... The voice of Blind Io booms out: "Congratulations, mortal!" "In return for thy service, I grant thee the gift of Immortality!" You ascend to the status of Demigod... Final status: Goodbye Khorin the Demigod, ascended... You went to your reward with 189140 points, The Mitre of Holiness (worth 2000 zorkmids) The Sceptre of Might (worth 2500 zorkmids) 2 amulets of life saving (worth 300 zorkmids), 1 amulet of reflection (worth 150 zorkmids), and 7452 pieces of gold, after 51513 moves. You were level 13 with a maximum of 263 hit points when you ascended.